[Event "SR 2. liga A 2007/2008"]
[Site "?"]
[Date "2007.12.02"]
[Round "6.1"]
[White "Tibensky, Robert"]
[Black "Tepper, Frantisek"]
[Result "1-0"]
[ECO "E04"]
[WhiteElo "2431"]
[BlackElo "2164"]
[Annotator ",Kaiko"]
[PlyCount "67"]
[EventDate "2007.??.??"]
[WhiteTeam "Slovakia"]
[BlackTeam "Slovakia"]
[WhiteTeamCountry "SVK"]
[BlackTeamCountry "SVK"]
[TimeControl "240+2"]

{74MB, Hiarcs10.ctg} 1. d4 Nf6 2. c4 e6 3. Nf3 d5 4. g3 dxc4 5. Bg2 Nc6 6. O-O
Rb8 7. Nc3 a6 8. e4 Be7 9. Qe2 Nxd4 10. Nxd4 Qxd4 11. Be3 Qd3 12. Qe1 Qd8 13.
Rd1 Nd7 14. e5 Bb4 15. Qe2 Qe7 16. Qg4 Kf8 17. Bg5 Qc5 18. Rfe1 h6 19. Qh4 Kg8
20. Be3 Qe7 21. Qxc4 Nxe5 22. Qd4 Nc6 23. Qd3 Ne5 24. Qc2 Ng6 25. h4 b6 26. h5
Nf8 27. Bf4 Bd6 28. Nd5 Qe8 29. Nxc7 Bxc7 30. Bxc7 Bd7 31. Bxb8 Qxb8 32. Qd3 a5
33. Qd6 Qa7 34. Rc1 1-0

[Event "SR 2. liga A 2007/2008"]
[Site "?"]
[Date "2007.12.02"]
[Round "6.2"]
[White "Fabry, Robert"]
[Black "Maslik, Miroslav"]
[Result "0-1"]
[ECO "B22"]
[WhiteElo "2209"]
[BlackElo "2298"]
[Annotator ",Kaiko"]
[PlyCount "46"]
[EventDate "2007.??.??"]
[WhiteTeam "Slovakia"]
[BlackTeam "Slovakia"]
[WhiteTeamCountry "SVK"]
[BlackTeamCountry "SVK"]
[TimeControl "240+2"]

{74MB, Hiarcs10.ctg} 1. e4 c5 2. c3 Nf6 3. d3 Nc6 4. f4 g6 5. Nf3 Bg7 6. Be2
O-O 7. O-O d6 8. Na3 Rb8 9. Nc2 b5 10. a4 b4 11. Ne3 bxc3 12. bxc3 Nh5 13. Ng5
h6 14. Bxh5 hxg5 15. fxg5 Bxc3 16. Ra3 Bd4 17. Bf3 Rb1 18. Qe2 Qb6 19. Kh1 Be6
20. Nd5 Bxd5 21. exd5 Ne5 22. h3 Rb8 23. Bf4 Qb2 0-1

[Event "SR 2. liga A 2007/2008"]
[Site "?"]
[Date "2007.12.02"]
[Round "6.3"]
[White "Hartl, Jan"]
[Black "Slapak, Zdenek"]
[Result "1-0"]
[ECO "B32"]
[WhiteElo "2186"]
[BlackElo "2172"]
[Annotator ",Kaiko"]
[PlyCount "119"]
[EventDate "2007.??.??"]
[WhiteTeam "Slovakia"]
[BlackTeam "Slovakia"]
[WhiteTeamCountry "SVK"]
[BlackTeamCountry "SVK"]
[TimeControl "240+2"]

{74MB, Hiarcs10.ctg} 1. e4 c5 2. Nf3 Nc6 3. d4 cxd4 4. Nxd4 e5 5. Nb5 a6 6.
Nd6+ Bxd6 7. Qxd6 Qf6 8. Qd1 Qg6 9. f3 Nge7 10. Na3 O-O 11. Nc4 d5 12. exd5 Nb4
13. d6 Ned5 14. c3 Nc2+ 15. Kf2 Nxa1 16. Qxd5 Be6 17. Qd3 Bf5 18. Qd5 Be6 19.
Qd3 f6 20. Be3 b5 21. Nb6 Rad8 22. Bc5 Bxa2 23. Qxg6 hxg6 24. Bxb5 axb5 25.
Rxa1 Be6 26. Ra5 g5 27. Rxb5 f5 28. Ba3 e4 29. Nd5 exf3 30. gxf3 Kf7 31. Ne3 g6
32. c4 Bd7 33. Rb7 Ke6 34. c5 f4 35. Nc2 Rh8 36. Kg1 Rh3 37. Rb4 Rdh8 38. Re4+
Kf6 39. Re2 g4 40. fxg4 Kg5 41. Nd4 Bxg4 42. Rf2 Rd3 43. Nc2 Rd1+ 44. Rf1 Rd2
45. Ne1 Rdxh2 46. c6 Rh1+ 47. Kf2 R1h2+ 48. Kg1 Rh1+ 49. Kf2 R8h2+ 50. Ng2
Rxf1+ 51. Kxf1 f3 52. Ne3 Bh3+ 53. Kg1 Rd2 54. d7 Kf4 55. Bc5 Kg3 56. Nf1+ Bxf1
57. Bf2+ Kh3 58. Kxf1 Rd1+ 59. Be1 Rxe1+ 60. Kxe1 1-0

[Event "SR 2. liga A 2007/2008"]
[Site "?"]
[Date "2007.12.02"]
[Round "6.4"]
[White "Mikulas, Dusan"]
[Black "Janos, Ivan"]
[Result "0-1"]
[ECO "B47"]
[WhiteElo "2189"]
[BlackElo "2120"]
[Annotator ",Kaiko"]
[PlyCount "82"]
[EventDate "2007.??.??"]
[WhiteTeam "Slovakia"]
[BlackTeam "Slovakia"]
[WhiteTeamCountry "SVK"]
[BlackTeamCountry "SVK"]
[TimeControl "240+2"]

{74MB, Hiarcs10.ctg} 1. e4 c5 2. Nf3 e6 3. d4 cxd4 4. Nxd4 Nc6 5. Nc3 Qc7 6. f4
a6 7. Nf3 b5 8. a3 Bc5 9. e5 f5 10. g4 Bb7 11. gxf5 Qb6 12. Bg2 Nce7 13. Qe2
Nxf5 14. Ne4 Be7 15. Bd2 Rc8 16. Bc3 Rc4 17. Nfd2 Bh4+ 18. Kd1 Rxc3 19. bxc3
Nge7 20. Nd6+ Nxd6 21. exd6 Nf5 22. Bxb7 Qxb7 23. Qf3 Qxf3+ 24. Nxf3 Bf6 25.
Ne5 Nxd6 26. a4 Ne4 27. axb5 axb5 28. Ra8+ Bd8 29. Ke2 Rf8 30. Nd3 Nxc3+ 31.
Ke3 Nd5+ 32. Ke4 Ke7 33. Rha1 Rf5 34. Rb8 Bc7 35. Rb7 Bxf4 36. Raa7 Nf6+ 37.
Kd4 Bxh2 38. Kc3 g5 39. Nb4 Rc5+ 40. Kb3 g4 41. Na6 Rg5 0-1

[Event "SR 2. liga A 2007/2008"]
[Site "?"]
[Date "2007.12.02"]
[Round "6.5"]
[White "Syrovy, Ivan"]
[Black "Hebelka, Milos"]
[Result "1/2-1/2"]
[ECO "B12"]
[WhiteElo "2097"]
[BlackElo "2121"]
[Annotator ",Kaiko"]
[PlyCount "118"]
[EventDate "2007.??.??"]
[WhiteTeam "Slovakia"]
[BlackTeam "Slovakia"]
[WhiteTeamCountry "SVK"]
[BlackTeamCountry "SVK"]
[TimeControl "240+2"]

{74MB, Hiarcs10.ctg} 1. e4 c6 2. d4 d5 3. e5 Bf5 4. Be3 e6 5. Nd2 h5 6. f4 g6
7. Ngf3 h4 8. Nb3 Nd7 9. Bd3 Nh6 10. Qe2 Bxd3 11. Qxd3 Nf5 12. Kf2 Be7 13. g4
Nxe3 14. Qxe3 h3 15. g5 a5 16. c3 a4 17. Nbd2 c5 18. Rhc1 Qa5 19. Kg3 Qa6 20.
Ng1 Rc8 21. Nxh3 Nb6 22. Ng1 Kd7 23. Qe2 c4 24. a3 Rh5 25. h4 Rch8 26. Ngf3 Nc8
27. Nf1 Na7 28. Kg2 Nc6 29. Ng3 R5h7 30. Rh1 Qa8 31. Rh2 b5 32. Rah1 Qg8 33.
Qc2 Bd8 34. h5 Ne7 35. hxg6 Rxh2+ 36. Rxh2 Nxg6 37. Qd2 Rxh2+ 38. Kxh2 Qh7+ 39.
Kg2 Ne7 40. Nh2 Nc6 41. Ng4 Na5 42. Nf6+ Bxf6 43. exf6 Qd3 44. Qf2 Nb3 45. f5
exf5 46. Qxf5+ Qxf5 47. Nxf5 Nc1 48. Ne3 Ke6 49. Nxd5 Kf5 50. Nc7 Nd3 51. Nxb5
Kxg5 52. Nd6 Nxb2 53. Nxf7+ Kxf6 54. Nd6 Ke6 55. Ne4 Kd5 56. Kf3 Nd3 57. Nd2
Ne1+ 58. Ke2 Nc2 59. Nb1 Ke4 1/2-1/2

[Event "SR 2. liga A 2007/2008"]
[Site "?"]
[Date "2007.12.02"]
[Round "6.6"]
[White "Milanov, Jasen"]
[Black "Beles, Milan"]
[Result "0-1"]
[ECO "A19"]
[WhiteElo "1970"]
[BlackElo "2105"]
[Annotator ",Kaiko"]
[PlyCount "58"]
[EventDate "2007.??.??"]
[WhiteTeam "Slovakia"]
[BlackTeam "Slovakia"]
[WhiteTeamCountry "SVK"]
[BlackTeamCountry "SVK"]
[TimeControl "240+2"]

{74MB, Hiarcs10.ctg} 1. c4 c5 2. Nc3 Nf6 3. e4 e6 4. e5 Ng8 5. d4 cxd4 6. Qxd4
Nc6 7. Qe4 d6 8. exd6 Bxd6 9. Bd2 Nf6 10. Qh4 a6 11. Nf3 Qc7 12. Qg5 O-O 13.
Be2 e5 14. Nd5 Nxd5 15. cxd5 Nd4 16. Nxd4 exd4 17. Bd3 Re8+ 18. Kf1 Qb6 19. Rb1
Bd7 20. Qh4 h6 21. Kg1 Bb5 22. Be4 Re5 23. g3 Rae8 24. Bf3 Be2 25. Kg2 Bxf3+
26. Kxf3 Qc5 27. Kg2 Qxd5+ 28. Kg1 Re2 29. Bf4 Re1+ 0-1

[Event "SR 2. liga A 2007/2008"]
[Site "?"]
[Date "2007.12.02"]
[Round "6.7"]
[White "Michal, Silvio"]
[Black "Hecht, Tomas"]
[Result "1-0"]
[ECO "E01"]
[WhiteElo "2083"]
[BlackElo "1986"]
[Annotator ",Kaiko"]
[PlyCount "71"]
[EventDate "2007.??.??"]
[WhiteTeam "Slovakia"]
[BlackTeam "Slovakia"]
[WhiteTeamCountry "SVK"]
[BlackTeamCountry "SVK"]
[TimeControl "240+2"]

{74MB, Hiarcs10.ctg} 1. d4 Nf6 2. c4 e6 3. g3 d5 4. Bg2 c5 5. Nf3 cxd4 6. O-O
Nc6 7. Nxd4 Bc5 8. Nxc6 bxc6 9. Nc3 Bb7 10. Bg5 h6 11. Bxf6 gxf6 12. Qa4 Qd7
13. e3 h5 14. h4 a5 15. Rfd1 Ke7 16. Ne4 Bd6 17. Nxd6 Qxd6 18. cxd5 cxd5 19.
Rac1 Rhg8 20. e4 Rg4 21. Qb5 Rb8 22. Qxa5 f5 23. exd5 e5 24. Qc7+ Qxc7 25.
Rxc7+ Kf6 26. Bf3 Rd4 27. Rc5 Rd8 28. Rxd4 exd4 29. Rb5 Rd7 30. a4 d3 31. Rb3
Ba6 32. Rb6+ Ke5 33. Rxa6 d2 34. d6 Rb7 35. Ra5+ Kf6 36. Rd5 1-0

[Event "SR 2. liga A 2007/2008"]
[Site "?"]
[Date "2007.12.02"]
[Round "6.8"]
[White "Kuna, Vladimir"]
[Black "Zacik, Anton"]
[Result "1/2-1/2"]
[ECO "D91"]
[WhiteElo "2083"]
[BlackElo "2088"]
[Annotator ",Kaiko"]
[PlyCount "30"]
[EventDate "2007.??.??"]
[WhiteTeam "Slovakia"]
[BlackTeam "Slovakia"]
[WhiteTeamCountry "SVK"]
[BlackTeamCountry "SVK"]
[TimeControl "240+2"]

{74MB, Hiarcs10.ctg} 1. d4 Nf6 2. Nf3 g6 3. c4 Bg7 4. Nc3 d5 5. Bg5 Ne4 6. Bf4
Nxc3 7. bxc3 dxc4 8. Qa4+ c6 9. Qxc4 O-O 10. e3 Nd7 11. Be2 Nb6 12. Qb3 Nd5 13.
O-O Nxf4 14. exf4 Qc7 15. Ne5 Be6 1/2-1/2

[Event "SR 2. liga A 2007/2008"]
[Site "?"]
[Date "2008.02.03"]
[Round "8.1"]
[White "Tibensky, Robert"]
[Black "Schwarz, Dusan"]
[Result "0-1"]
[ECO "D74"]
[WhiteElo "2431"]
[BlackElo "2292"]
[Annotator ",Kaiko"]
[PlyCount "62"]
[EventDate "2007.??.??"]
[WhiteTeam "Slovakia"]
[BlackTeam "Slovakia"]
[WhiteTeamCountry "SVK"]
[BlackTeamCountry "SVK"]
[TimeControl "240+2"]

{74MB, Hiarcs10.ctg} 1. Nf3 Nf6 2. g3 g6 3. Bg2 Bg7 4. O-O O-O 5. c4 d5 6. cxd5
Nxd5 7. d4 Nc6 8. e4 Nb6 9. d5 Na5 10. Qe1 Nac4 11. Nc3 e6 12. b3 Qf6 13. bxc4
Qxc3 14. Qxc3 Bxc3 15. Rb1 exd5 16. cxd5 Re8 17. Rb3 Bg7 18. Nh4 Bd7 19. Bf4 c5
20. Rbb1 Rac8 21. Rfe1 c4 22. Bd6 c3 23. Rec1 c2 24. Rb4 Bc3 25. Rxb6 axb6 26.
Rxc2 Bd4 27. Bc7 Be5 28. Bxe5 Rxc2 29. Bf4 Rxa2 30. h3 b5 31. Bd6 Rc8 0-1

[Event "SR 2. liga A 2007/2008"]
[Site "?"]
[Date "2008.02.03"]
[Round "8.2"]
[White "Pacher, Milan"]
[Black "Klemanic, Emil"]
[Result "1-0"]
[ECO "C41"]
[WhiteElo "2325"]
[BlackElo "2273"]
[Annotator ",Kaiko"]
[PlyCount "53"]
[EventDate "2007.??.??"]
[WhiteTeam "Slovakia"]
[BlackTeam "Slovakia"]
[WhiteTeamCountry "SVK"]
[BlackTeamCountry "SVK"]
[TimeControl "240+2"]

{74MB, Hiarcs10.ctg} 1. e4 d6 2. d4 Nf6 3. Nc3 e5 4. Nf3 Nbd7 5. Bc4 Be7 6. O-O
O-O 7. Re1 c6 8. a4 Qc7 9. b3 Nb6 10. Be2 Bg4 11. Be3 Nbd7 12. h3 Bh5 13. Nd2
Bxe2 14. Qxe2 Rfe8 15. Nc4 a6 16. a5 exd4 17. Bxd4 d5 18. exd5 cxd5 19. Ne3 Bc5
20. Ncxd5 Nxd5 21. Nxd5 Qc6 22. Qc4 Bd6 23. Qxc6 bxc6 24. Nb6 Rxe1+ 25. Rxe1
Nxb6 26. axb6 Kf8 27. Ra1 1-0

[Event "SR 2. liga A 2007/2008"]
[Site "?"]
[Date "2008.02.03"]
[Round "8.3"]
[White "Hartl, Jan"]
[Black "Kleman, Miroslav"]
[Result "1-0"]
[ECO "C41"]
[WhiteElo "2186"]
[BlackElo "2117"]
[Annotator ",Kaiko"]
[PlyCount "57"]
[EventDate "2007.??.??"]
[WhiteTeam "Slovakia"]
[BlackTeam "Slovakia"]
[WhiteTeamCountry "SVK"]
[BlackTeamCountry "SVK"]
[TimeControl "240+2"]

{74MB, Hiarcs10.ctg} 1. e4 d6 2. d4 Nf6 3. Nc3 Nbd7 4. f4 e5 5. Nf3 exd4 6.
Nxd4 Be7 7. Be2 O-O 8. O-O Re8 9. Bf3 Bf8 10. Qe2 c6 11. Kh1 Nxe4 12. Bxe4 d5
13. Bxh7+ Kxh7 14. Qh5+ Kg8 15. f5 Nf6 16. Qh4 Nh7 17. f6 Nxf6 18. Bg5 Be7 19.
Rae1 Ne4 20. Nxe4 dxe4 21. Qxe4 f6 22. Bxf6 gxf6 23. Qg6+ Kf8 24. Rf4 Bh3 25.
Qh6+ Kf7 26. Qh7+ Kf8 27. Qxh3 Bd6 28. Qh8+ Kf7 29. Rxe8 1-0

[Event "SR 2. liga A 2007/2008"]
[Site "?"]
[Date "2008.02.03"]
[Round "8.4"]
[White "Polacik, Igor"]
[Black "Janos, Ivan"]
[Result "1-0"]
[ECO "B39"]
[WhiteElo "2130"]
[BlackElo "2135"]
[Annotator ",Kaiko"]
[PlyCount "103"]
[EventDate "2007.??.??"]
[WhiteTeam "Slovakia"]
[BlackTeam "Slovakia"]
[WhiteTeamCountry "SVK"]
[BlackTeamCountry "SVK"]
[TimeControl "240+2"]

{74MB, Hiarcs10.ctg} 1. e4 c5 2. Nf3 Nc6 3. d4 cxd4 4. Nxd4 g6 5. c4 Bg7 6. Be3
Nf6 7. Nc3 Ng4 8. Qxg4 Nxd4 9. Qd1 Ne6 10. Qd2 Qa5 11. Be2 d6 12. O-O O-O 13.
Nd5 Qxd2 14. Nxe7+ Kh8 15. Bxd2 Nc5 16. Bf4 Bxb2 17. Bxd6 Bxa1 18. Rxa1 Nxe4
19. Nxg6+ hxg6 20. Bxf8 Be6 21. Bb4 Rc8 22. f3 Nc5 23. Rd1 Kg7 24. Bc3+ f6 25.
h4 Nd7 26. Bd4 b6 27. Rc1 Ne5 28. c5 bxc5 29. Rxc5 Rxc5 30. Bxc5 Bxa2 31. Bxa7
Bb1 32. g4 Ba2 33. Kf2 Be6 34. Bd4 Nc6 35. Bc3 Kf7 36. Kg3 Ne7 37. Bd3 Nd5 38.
Bd2 Ne7 39. f4 Kg7 40. Bc3 Nd5 41. Bb2 Kf7 42. Bd4 Ne7 43. Be2 Bd5 44. Bf3 Bc4
45. Bc3 Ng8 46. Kf2 Nh6 47. Bd2 f5 48. g5 Ng8 49. Bb4 Ke6 50. h5 gxh5 51. Bxh5
Bb3 52. Ke3 1-0

[Event "SR 2. liga A 2007/2008"]
[Site "?"]
[Date "2008.02.06"]
[Round "8.4"]
[White "Skreno, Vladimir"]
[Black "Biro, Karol"]
[Result "1-0"]
[ECO "E95"]
[WhiteElo "2188"]
[BlackElo "2063"]
[Annotator " , "]
[PlyCount "49"]
[EventDate "2007.??.??"]
[WhiteTeam "Slovakia"]
[BlackTeam "Slovakia"]
[WhiteTeamCountry "SVK"]
[BlackTeamCountry "SVK"]
[TimeControl "240+2"]

{158MB, N200109SVK} 1. d4 {0} d6 2. Nf3 Nf6 3. c4 g6 4. Nc3 Bg7 5. e4 O-O 6.
Be2 c6 7. O-O Nbd7 8. Re1 e5 9. Bg5 h6 10. Bxf6 Qxf6 11. d5 Qe7 12. dxc6 bxc6
13. Qa4 Bb7 14. Qa5 Nc5 15. b4 Ne6 16. Rad1 f5 17. c5 dxc5 18. exf5 Rxf5 19.
Bc4 Kh7 20. Bxe6 Qxe6 21. bxc5 Rf4 22. Rd6 Qe7 23. Nxe5 Bxe5 24. Rxe5 Qxe5 25.
Qc7+ 1-0

[Event "SR 2. liga A 2007/2008"]
[Site "?"]
[Date "2008.02.03"]
[Round "8.5"]
[White "Syrovy, Ivan"]
[Black "Flak, Juraj"]
[Result "0-1"]
[ECO "C99"]
[WhiteElo "2097"]
[BlackElo "2035"]
[Annotator ",Kaiko"]
[PlyCount "86"]
[EventDate "2007.??.??"]
[WhiteTeam "Slovakia"]
[BlackTeam "Slovakia"]
[WhiteTeamCountry "SVK"]
[BlackTeamCountry "SVK"]
[TimeControl "240+2"]

{74MB, Hiarcs10.ctg} 1. e4 e5 2. Nf3 Nc6 3. Bb5 a6 4. Ba4 Nf6 5. O-O Be7 6. Re1
b5 7. Bb3 O-O 8. h3 d6 9. c3 Na5 10. Bc2 c5 11. d4 Qc7 12. Nbd2 cxd4 13. cxd4
Nc6 14. d5 Nb4 15. Bb1 a5 16. a3 Na6 17. Bd3 Bd7 18. Nf1 Nc5 19. b3 Nxd3 20.
Qxd3 Rfc8 21. Bd2 Qc2 22. Qe3 a4 23. Rab1 axb3 24. Qxb3 Qxb3 25. Rxb3 Rc4 26.
Ng3 Bd8 27. Bb4 Ba5 28. Nd2 Bxb4 29. axb4 Rc2 30. Ngf1 Raa2 31. Rd1 Nh5 32. f3
Nf4 33. Kf2 f5 34. g3 Nxh3+ 35. Ke1 Ng5 36. exf5 Bxf5 37. Ke2 e4 38. Ne3 exf3+
39. Ke1 f2+ 40. Ke2 Bg4+ 41. Nxg4 Rxd2+ 42. Rxd2 Rxd2+ 43. Kf1 Ne4 0-1

[Event "SR 2. liga A 2007/2008"]
[Site "?"]
[Date "2008.02.03"]
[Round "8.6"]
[White "Slovik, Vojtech"]
[Black "Michal, Silvio"]
[Result "0-1"]
[ECO "B03"]
[WhiteElo "2037"]
[BlackElo "2078"]
[Annotator ",Kaiko"]
[PlyCount "78"]
[EventDate "2007.??.??"]
[WhiteTeam "Slovakia"]
[BlackTeam "Slovakia"]
[WhiteTeamCountry "SVK"]
[BlackTeamCountry "SVK"]
[TimeControl "240+2"]

{74MB, Hiarcs10.ctg} 1. e4 Nf6 2. e5 Nd5 3. c4 Nb6 4. d4 d6 5. f4 dxe5 6. fxe5
Nc6 7. Be3 f6 8. Bd3 Be6 9. b3 Qd7 10. d5 Nxe5 11. dxe6 Qxd3 12. Qxd3 Nxd3+ 13.
Ke2 Nb4 14. Nc3 O-O-O 15. Nf3 g6 16. Rad1 Bg7 17. a3 f5 18. Bd4 Bxd4 19. Nxd4
Nc6 20. Nxc6 bxc6 21. c5 Nd5 22. Nxd5 Rxd5 23. Rxd5 cxd5 24. Ke3 c6 25. Kf4 h6
26. b4 Rf8 27. Rb1 a6 28. Rb3 Rf6 29. Re3 g5+ 30. Ke5 Kb7 31. a4 f4 32. Rf3 d4
33. h4 a5 34. b5 cxb5 35. axb5 a4 36. hxg5 hxg5 37. Ra3 g4 38. Kxd4 f3 39. gxf3
gxf3 0-1

[Event "SR 2. liga A 2007/2008"]
[Site "?"]
[Date "2008.02.03"]
[Round "8.7"]
[White "Zacik, Anton"]
[Black "Vrba, Michal"]
[Result "1/2-1/2"]
[ECO "B07"]
[WhiteElo "2106"]
[BlackElo "1975"]
[Annotator ",Kaiko"]
[PlyCount "36"]
[EventDate "2007.??.??"]
[WhiteTeam "Slovakia"]
[BlackTeam "Slovakia"]
[WhiteTeamCountry "SVK"]
[BlackTeamCountry "SVK"]
[TimeControl "240+2"]

{74MB, Hiarcs10.ctg} 1. e4 d6 2. d4 Nf6 3. Nc3 Nbd7 4. Nf3 e6 5. Bd3 Be7 6. O-O
e5 7. Bg5 O-O 8. dxe5 Nxe5 9. Nxe5 dxe5 10. Qe2 c6 11. h3 Be6 12. Rad1 Qc7 13.
Bc4 Bxc4 14. Qxc4 Rad8 15. Bxf6 Bxf6 16. Nd5 Qd6 17. Nxf6+ Qxf6 18. c3 g6
1/2-1/2

[Event "SR 2. liga A 2007/2008"]
[Site "?"]
[Date "2008.02.03"]
[Round "8.8"]
[White "Czucz, Andrej"]
[Black "Srna, Jan"]
[Result "1-0"]
[ECO "A84"]
[WhiteElo "1916"]
[BlackElo "2017"]
[Annotator ",Kaiko"]
[PlyCount "55"]
[EventDate "2007.??.??"]
[WhiteTeam "Slovakia"]
[BlackTeam "Slovakia"]
[WhiteTeamCountry "SVK"]
[BlackTeamCountry "SVK"]
[TimeControl "240+2"]

{74MB, Hiarcs10.ctg} 1. c4 f5 2. Nf3 e6 3. d4 d5 4. Nc3 c6 5. c5 Nd7 6. Bf4
Ngf6 7. e3 Be7 8. Be2 O-O 9. Ng5 Nb8 10. Nf3 Ne4 11. Nxe4 fxe4 12. Ne5 Nd7 13.
O-O Bf6 14. Nxd7 Qxd7 15. Bg4 Qe8 16. Bd6 Rf7 17. f4 exf3 18. Rxf3 e5 19. Bxc8
Rxc8 20. dxe5 Bxe5 21. Rxf7 Bxd6 22. Rxb7 Bxc5 23. Qg4 Bxe3+ 24. Kh1 g6 25. Qh3
h6 26. Rf1 Rd8 27. Rff7 Bd4 28. Rfe7 1-0

[Event "SR 2. liga A 2007/2008"]
[Site "?"]
[Date "2008.02.04"]
[Round "9.1"]
[White "Janos, Martin"]
[Black "Tibensky, Robert"]
[Result "0-1"]
[ECO "C11"]
[WhiteElo "2262"]
[BlackElo "2431"]
[Annotator ",Kaiko"]
[PlyCount "110"]
[EventDate "2007.??.??"]
[WhiteTeam "Slovakia"]
[BlackTeam "Slovakia"]
[WhiteTeamCountry "SVK"]
[BlackTeamCountry "SVK"]
[TimeControl "240+2"]

{74MB, Hiarcs10.ctg} 1. e4 e6 2. d4 d5 3. Nc3 Nf6 4. e5 Nfd7 5. Bd3 c5 6. f4
Nc6 7. Nf3 cxd4 8. Nb5 Bc5 9. O-O a6 10. Na3 h6 11. Qe1 f5 12. g4 Nf8 13. gxf5
exf5 14. Nh4 g6 15. Qg3 Ne7 16. Bd2 Be6 17. b4 Bb6 18. Kh1 Qd7 19. Nb1 Qa4 20.
Nf3 Rc8 21. Qe1 Rc7 22. Qc1 Bd7 23. Qb2 Bb5 24. Qb3 Ne6 25. Na3 Bd7 26. Qb2 Kf7
27. Rac1 Rhc8 28. Nb1 Bb5 29. Qb3 Qxb3 30. axb3 Bxd3 31. cxd3 Rxc1 32. Rxc1
Rxc1+ 33. Bxc1 Nc6 34. Bd2 Bd8 35. Na3 Be7 36. Nc2 g5 37. Kg2 Kg6 38. Kg3 b5
39. h3 Bd8 40. Bc1 gxf4+ 41. Bxf4 Bg5 42. Bd2 Bxd2 43. Nxd2 f4+ 44. Kg2 Nxe5
45. Ne1 Nd8 46. Ndf3 Ndc6 47. Nxe5+ Nxe5 48. Kf2 Kg5 49. Kg2 Kh4 50. Nc2 f3+
51. Kf2 Kxh3 52. Nxd4 Kg4 53. Ke3 h5 54. Nc2 Kg3 55. Kd4 Ng4 0-1

[Event "SR 2. liga A 2007/2008"]
[Site "?"]
[Date "2008.02.03"]
[Round "9.1"]
[White "Pagerka, Martin"]
[Black "Petrik, Stanislav"]
[Result "0-1"]
[ECO "E15"]
[WhiteElo "2099"]
[BlackElo "2223"]
[Annotator " , "]
[PlyCount "98"]
[EventDate "2007.??.??"]
[WhiteTeam "Slovakia"]
[BlackTeam "Slovakia"]
[WhiteTeamCountry "SVK"]
[BlackTeamCountry "SVK"]
[TimeControl "240+2"]

{158MB, N200109SVK} 1. d4 Nf6 2. c4 e6 3. Nf3 b6 4. g3 Ba6 5. b3 c6 6. Bg2 d5
7. Ne5 Nfd7 8. Nxd7 Nxd7 9. O-O Rc8 10. Ba3 Bxa3 11. Nxa3 Qe7 12. Qc1 O-O 13.
e4 b5 14. Re1 bxc4 15. bxc4 Qb4 16. Rb1 Qa4 17. Qc3 dxe4 18. Bxe4 c5 19. d5
exd5 20. Bxd5 Nb6 21. Re7 Nxd5 22. cxd5 Qd4 23. Qxd4 cxd4 24. Rxa7 Be2 25. Rab7
d3 26. R7b2 Rfd8 27. Kg2 Rxd5 28. Nc4 Rdc5 29. Nd6 Rf8 30. Rd2 f5 31. a4 h6 32.
Ra2 f4 33. h4 fxg3 34. fxg3 Bf3+ 35. Kh3 Rd8 36. Rf2 Bd5 37. Nf5 Be6 38. g4 h5
39. Kg3 hxg4 40. Ne7+ Kh7 41. h5 Rxh5 42. Rd2 Rh3+ 43. Kf4 Re8 44. Rb7 Rf3+ 45.
Kg5 g3 46. a5 Rf7 47. Rxd3 g2 48. Rg3 Rfxe7 49. Rb6 Bd5 0-1

[Event "SR 2. liga A 2007/2008"]
[Site "?"]
[Date "2008.02.03"]
[Round "9.2"]
[White "Biro, Karol"]
[Black "Polasek, Filip"]
[Result "1-0"]
[ECO "E18"]
[WhiteElo "2188"]
[BlackElo "2102"]
[Annotator " , "]
[PlyCount "101"]
[EventDate "2007.??.??"]
[WhiteTeam "Slovakia"]
[BlackTeam "Slovakia"]
[WhiteTeamCountry "SVK"]
[BlackTeamCountry "SVK"]
[TimeControl "240+2"]

{158MB, N200109SVK} 1. c4 {0} e6 2. Nf3 d5 3. g3 Nf6 4. Bg2 Be7 5. O-O O-O 6.
d4 b6 7. cxd5 exd5 8. Nc3 Bb7 9. Ne5 Nbd7 10. Qa4 c5 11. Nxd7 Qxd7 12. Qxd7
Nxd7 13. Nxd5 Bxd5 14. Bxd5 Rad8 15. dxc5 Nxc5 16. Rd1 Bf6 17. Rb1 Rfe8 18. Be3
Na4 19. Bb3 Nxb2 20. Rxd8 Rxd8 21. Rc1 h6 22. Rc7 Nd1 23. Rxf7 Nxe3 24. Rxf6+
Kh8 25. Rf7 Nd1 26. Rxa7 Nc3 27. e3 Rd2 28. Bf7 g5 29. Bh5 Rxa2 30. Rxa2 Nxa2
31. Kf1 Nc3 32. Ke1 Kg7 33. f4 gxf4 34. gxf4 Kf6 35. Bf3 Kf5 36. Kd2 Na4 37. h3
Nc5 38. Kc3 b5 39. Bd5 Nd7 40. Kd4 Nf6 41. Bf3 b4 42. Bd1 Ne8 43. Bc2+ Kf6 44.
e4 Nc7 45. e5+ Ke7 46. f5 Nb5+ 47. Kc5 Nc3 48. Kxb4 Nd5+ 49. Kc5 Nf4 50. Bb3
Nh5 51. Kc6 1-0

[Event "SR 2. liga A 2007/2008"]
[Site "?"]
[Date "2008.02.04"]
[Round "9.2"]
[White "Klemanic, Emil"]
[Black "Machalova, Erika"]
[Result "1-0"]
[ECO "B25"]
[WhiteElo "2273"]
[BlackElo "2094"]
[Annotator ",Kaiko"]
[PlyCount "101"]
[EventDate "2007.??.??"]
[WhiteTeam "Slovakia"]
[BlackTeam "Slovakia"]
[WhiteTeamCountry "SVK"]
[BlackTeamCountry "SVK"]
[TimeControl "240+2"]

{74MB, Hiarcs10.ctg} 1. e4 c5 2. Nc3 d6 3. f4 g6 4. Nf3 Bg7 5. g3 e6 6. Bg2 Nc6
7. d3 Nge7 8. O-O O-O 9. Be3 Nd4 10. Qd2 Nec6 11. Nd1 Rb8 12. c3 Nxf3+ 13. Bxf3
Qa5 14. Nf2 Bd7 15. a3 Qc7 16. b4 b6 17. d4 Ne7 18. g4 f5 19. gxf5 gxf5 20. e5
cxb4 21. cxb4 Bc6 22. Rac1 Qd7 23. Bxc6 Nxc6 24. d5 Ne7 25. dxe6 Qxe6 26. exd6
Nd5 27. Bd4 Bxd4 28. Qxd4 Ne3 29. Nd3 Nxf1 30. Kxf1 Rbd8 31. Rc7 Qh6 32. d7
Qh3+ 33. Ke1 Qxh2 34. Qd5+ Kh8 35. Qe5+ Kg8 36. Qe6+ Kh8 37. Rc8 Qh1+ 38. Kd2
Qh4 39. Rxd8 Rxd8 40. Qxf5 Qh2+ 41. Kc3 Qh4 42. Ne5 Kg7 43. Qf7+ Kh6 44. Kd4 a5
45. Kd5 axb4 46. axb4 Ra8 47. Kd6 b5 48. Qe6+ Kh5 49. Qe8+ Kh6 50. Qxa8 Qf6+
51. Kd5 1-0

[Event "SR 2. liga A 2007/2008"]
[Site "?"]
[Date "2008.02.04"]
[Round "9.3"]
[White "Magyar, Frantisek"]
[Black "Hartl, Jan"]
[Result "0-1"]
[ECO "A36"]
[WhiteElo "2031"]
[BlackElo "2186"]
[Annotator ",Kaiko"]
[PlyCount "86"]
[EventDate "2007.??.??"]
[WhiteTeam "Slovakia"]
[BlackTeam "Slovakia"]
[WhiteTeamCountry "SVK"]
[BlackTeamCountry "SVK"]
[TimeControl "240+2"]

{74MB, Hiarcs10.ctg} 1. e4 d6 2. c4 c5 3. Nc3 Nc6 4. g3 g6 5. Bg2 Bg7 6. d3 f5
7. Nge2 Nf6 8. O-O O-O 9. a3 Qe8 10. Nd5 Qf7 11. Nec3 e6 12. Nxf6+ Bxf6 13. Rb1
a6 14. exf5 gxf5 15. Bh6 Rd8 16. Qd2 Rb8 17. Bg5 Ne5 18. Bxf6 Qxf6 19. b4 b6
20. Ne2 Ng6 21. f4 Bd7 22. d4 cxd4 23. Nxd4 Rbc8 24. Rfc1 Rc7 25. Rb3 Kf7 26.
Rbc3 Rdc8 27. Nf3 d5 28. Ng5+ Kg7 29. c5 bxc5 30. bxc5 h6 31. Nf3 Bb5 32. Qe3
Ne7 33. Nd4 Kf7 34. Bf3 Nc6 35. Nxc6 Rxc6 36. Qe5 Qxe5 37. fxe5 R6c7 38. Kf2
Bc4 39. Be2 Rxc5 40. Ke3 d4+ 41. Kxd4 Rd5+ 42. Ke3 Rxe5+ 43. Kd4 Re4# 0-1

[Event "SR 2. liga A 2007/2008"]
[Site "?"]
[Date "2008.02.03"]
[Round "9.4"]
[White "Janos, Ivan"]
[Black "Pasko, Peter"]
[Result "1-0"]
[ECO "B99"]
[WhiteElo "2128"]
[BlackElo "2086"]
[Annotator ",Kaiko"]
[PlyCount "71"]
[EventDate "2007.??.??"]
[WhiteTeam "Slovakia"]
[BlackTeam "Slovakia"]
[WhiteTeamCountry "SVK"]
[BlackTeamCountry "SVK"]
[TimeControl "240+2"]

{74MB, Hiarcs10.ctg} 1. e4 c5 2. Nf3 d6 3. d4 cxd4 4. Nxd4 Nf6 5. Nc3 a6 6. Bg5
e6 7. f4 Be7 8. Qf3 Qc7 9. O-O-O Nbd7 10. g4 b5 11. Bxf6 gxf6 12. f5 Ne5 13.
Qh3 Bd7 14. g5 b4 15. fxe6 bxc3 16. exd7+ Nxd7 17. Nf5 cxb2+ 18. Kb1 fxg5 19.
e5 Nxe5 20. Bd3 h5 21. Rhe1 Kf8 22. Qg2 Rd8 23. Qd5 Bf6 24. Rf1 Nxd3 25. Rxd3
Be5 26. Rdf3 f6 27. Nd4 Qf7 28. Ne6+ Kg8 29. Qe4 Qxe6 30. Qg6+ Kf8 31. Rxf6+
Bxf6 32. Rxf6+ Qxf6 33. Qxf6+ Ke8 34. Qe6+ Kf8 35. Qf6+ Ke8 36. Qxh8+ 1-0